 Dungeon Crawl Stone Soup version 0.29-a0-344-ge2f44be95a (webtiles) character file.

Game seed: 9034925112033496719

536 zishaf the Sneak (level 7, 0/38 HPs)
             Began as a Vine Stalker Brigand on Apr 21, 2022.
             Slain by an ufetubus (3 damage)
             ... on level 5 of the Dungeon.
             The game lasted 00:06:41 (3373 turns).

zishaf the Sneak (Vine Stalker Brigand)             Turns: 3373, Time: 00:06:41

Health: 0/38       AC:  7    Str: 14    XL:     7   Next: 25%
Magic:  0/8        EV: 10    Int: 11    God:
Gold:   217        SH:  0    Dex: 17    Spells: 6/6 levels left

rFire   . . .      SeeInvis .   a - +7 rapier "Hiofoipe" {venom, rN+}
rCold   . . .      Faith    .   (no shield)
rNeg    + . .      Spirit   +   f - +0 ring mail
rPois   .          Reflect  .   t - +0 helmet
rElec   .          Harm     .   c - +0 cloak
rCorr   .          Rampage  .   (no gloves)
Will    .....                   (no boots)
Stlth   +++.......              (no amulet)
HPRegen 0.92/turn               (no ring)
MPRegen 0.11/turn               (no ring)

@: no status effects
A: fangs 2, regeneration 1, magic shield, antimagic bite, no potion heal 2
a: no special abilities


You were on level 5 of the Dungeon.
You visited 1 branch of the dungeon, and saw 5 of its levels.

You collected 217 gold pieces.

Inventory:

Hand Weapons
 a - the +7 rapier "Hiofoipe" (weapon) {venom, rN+}
   (You found it on level 4 of the Dungeon)

   It poisons the flesh of those it strikes.
   rN:        It protects you from negative energy.
 b - a +0 hunting sling
 l - a +3 dagger
Missiles
 d - 14 poisoned darts (quivered)
 e - 3 curare-tipped darts
Armour
 c - a +0 cloak (worn)
 f - a +0 ring mail (worn)
 g - a +0 robe
 t - a +0 helmet (worn)
Scrolls
 i - a scroll of immolation {unknown}
 j - a scroll of fog {unknown}
 p - a scroll of teleportation {unknown}
 r - a scroll of enchant armour {unknown}
 s - a scroll of noise {unknown}
Potions
 h - 2 potions of flight
 k - 3 potions of brilliance
 m - 4 potions of attraction
 n - 4 potions of curing
 o - a potion of haste {unknown}
 q - a potion of might {unknown}


   Skills:
 + Level 4.4 Fighting
 + Level 4.4 Short Blades
 - Level 1.7 Throwing
 - Level 0.7 Dodging
 - Level 7.0 Stealth


You had 6 spell levels left.
You didn't know any spells.
Your spell library contained the following spells:

 Spells                   Type           Power      Damage    Failure   Level
 Mephitic Cloud           Conj/Pois/Air  0%         N/A       91%         3
 Ozocubu's Armour         Ice            0%         N/A       91%         3
 Metabolic Englaciation   Hex/Ice        0%         N/A       100%        5
 Summon Forest            Summ/Tloc      0%         N/A       100%        5
 Conjure Ball Lightning   Conj/Air       0%         3x3d6     100%        6
 Simulacrum               Ice/Necr       0%         N/A       100%        6


Dungeon Overview and Level Annotations

Branches:
Dungeon (5/15)
 Temple: D:4-7

Altars:
Nemelex Xobeh


Innate Abilities, Weirdness & Mutations

You have extremely sharp teeth.
Your natural rate of healing is unusually fast.
When hurt, damage is shared between your health and your magic reserves.
Your bite disrupts and absorbs the magic of your enemies.
Potions cannot restore your health.


Message History

You feel less confused. The orc hits you but does no damage.
The orc warrior hits you with a +0 mace!
The orc priest barely misses you.
You puncture the orc priest! Your punch misses the orc priest.
Your bite misses the orc priest.
The orc priest is heavily wounded.
The orc hits you but does no damage. The orc warrior closely misses you.
The orc priest casts a cantrip, but nothing happens.
You puncture the orc priest!
The orc priest is almost dead.
The orc hits you but does no damage.
The orc priest invokes the aid of Beogh against you.
Beogh smites you! The orc warrior barely misses you.
You hit the orc priest.
You kill the orc priest!
The orc warrior hits you with a +0 mace!
* * * LOW HITPOINT WARNING * * *
The orc hits you but does no damage. The hound attacks as you move away!
The hound bites you.
* * * LOW HITPOINT WARNING * * *
The hound bites you but does no damage.
You hit the hound but do no damage. You bite the hound. You drain its power.
You feel invigorated.
The hound is lightly wounded.
The hound barely misses you.
You hit the hound.
The hound is poisoned.
The hound is heavily wounded.
The ufetubus barely misses you. The ufetubus hits you.
* * * LOW HITPOINT WARNING * * *
The hound bites you.
The ufetubus hits you but does no damage.
The ufetubus completely misses you. The hound bites you but does no damage.
You barely miss the hound. Your bite misses the hound.
The hound is almost dead.
The ufetubus completely misses you. x2; The hound misses you.
You hit the hound.
You kill the hound!
The ufetubus barely misses you. The ufetubus hits you.
You die...

.#. .. # #'##'#
#. #.#).#
#.##.#.######.
#.............
##.....#######
##oo.5# ##
##.#†#
....###@#.#
#.....5.#
#####.### #.#
#.# #.# #.# #.#
######.#########


You could see an orc warrior, an orc and an ufetubus.

Vanquished Creatures
  An ice beast (D:4)
  A necrophage (D:5)
  A scorpion (D:5)
  An orc priest (D:5)
  3 hounds
  2 orc wizards (D:5)
  4 gnolls (D:4)
  6 adders
  4 worms
  2 dart slugs
  2 orcs (D:3)
  7 ball pythons
  2 bats (D:1)
  5 endoplasms
  3 giant cockroaches
  7 hobgoblins
  A jackal (D:2)
  6 quokkas
  4 frilled lizards
  8 goblins
  4 kobolds
  6 rats
80 creatures vanquished.

Vanquished Creatures (others)
  5 fungi (D:5)
5 creatures vanquished.

Grand Total: 85 creatures vanquished

Notes
Turn   | Place    | Note
-------+----------+-------------------------------------------
     0 | D:1      | zishaf the Vine Stalker Brigand began the quest for the
                  | Orb.
     0 | D:1      | Reached XP level 1. HP: 11/11 MP: 2/2
   184 | D:1      | Reached skill level 5 in Stealth
   200 | D:1      | Reached XP level 2. HP: 14/15 MP: 3/3
   914 | D:1      | Reached XP level 3. HP: 15/18 MP: 4/4
  1589 | D:2      | Gained mutation: Your natural rate of healing is unusually
                  | fast. [Vine Stalker growth]
  1589 | D:2      | Reached XP level 4. HP: 19/23 MP: 5/5
  2137 | D:3      | Found a faded altar of an unknown god.
  2235 | D:3      | Noticed an orc warrior
  2402 | D:3      | Reached skill level 6 in Stealth
  2402 | D:3      | Reached XP level 5. HP: 28/28 MP: 6/6
  2540 | D:4      | Got the Guide on the Compass and Feathers
  2636 | D:4      | Found a sparkling altar of Nemelex Xobeh.
  2778 | D:4      | Noticed an ice beast
  2784 | D:4      | Killed an ice beast
  2785 | D:4      | Reached XP level 6. HP: 32/32 MP: 7/7
  2805 | D:4      | Identified the +7 rapier "Hiofoipe" {venom, rN+}
  3120 | D:5      | Entered Level 5 of the Dungeon
  3274 | D:5      | Reached skill level 7 in Stealth
  3346 | D:5      | Reached XP level 7. HP: 37/37 MP: 8/8
  3369 | D:5      | HP: 1/38 [hound (4)]
  3373 | D:5      | Slain by an ufetubus

Illustrated notes

Levels and vault maps discovered:
D:1:      minmay_arrival_checkered_box, layout_loops_corners, serial_rivers,
          chequers_serial_rivers_small_b, chequers_serial_rivers_room_b,
          chequers_serial_rivers_large_b, chequers_serial_rivers_micro_e,
          chequers_serial_rivers_room_a, chequers_serial_rivers_micro_c
D:2:      layout_rooms, kennysheep_generic_room_9
D:3:      layout_rooms, ebering_ecumenical_altar_ruins, kennysheep_nondescript,
          minivault_19
D:4:      layout_basic, mainiacjoe_overflow_small_starburst, minmay_box_of_dots
D:5:      layout_loops_corners, mainiacjoe_overflow_chevrons,
          mainiacjoe_overflow_24_doors, temple_hall, st_stairs_6,
          dreamdust_mushroom_princess, uniq_ijyb, uniq_eustachio

Skill      XL: |  1  2  3  4  5  6 |
---------------+-------------------+-----
Fighting       | 2 3 4 |  4.4
Stealth        | 5 6 7 |  7.0
Short Blades   | 2 3 4 |  4.4
Throwing       | |  1.7
Dodging        | |  0.7

Action                   |  1- 3 |  4- 6 |  7- 9 || total
-------------------------+-------+-------+-------++-------
Melee: Dagger            |    93 |    99 |       ||   192
       Bite              |    18 |    22 |     2 ||    42
       Punch             |     1 |     1 |       ||     2
       Rapier            |       |    11 |    13 ||    24
 Fire: Hunting sling     |     5 |       |       ||     5
Throw: Dart              |     7 |       |       ||     7
  Use: Scroll            |       |     8 |       ||     8
       Potion            |       |     1 |       ||     1
 Stab: Sleeping          |     6 |    15 |       ||    21
       Distracted        |       |     2 |       ||     2
Armor: Ring mail         |    25 |    32 |    12 ||    69
       Skin              |       |     8 |       ||     8
Dodge: Dodged            |    40 |    33 |    14 ||    87

Table legend: (Time is in decaauts)
 A = Elapsed time spent in this place.
 B = Non-inter-level travel time spent in this place.
 C = Inter-level travel time spent in this place.
 D = Time resting spent in this place.
 E = Time spent auto-exploring this place.
 F = Levels seen in this place.
 G = Mean time per level.
                   A        B        C        D        E       F      G
               +--------+--------+--------+--------+--------+-----+--------+
         Total |   3379 |   3314 |     65 |    194 |   2241 |   5 |  675.8 |
       Dungeon |   3379 |   3314 |     65 |    194 |   2241 |   5 |  675.8 |
               +--------+--------+--------+--------+--------+-----+--------+

Top non-repeatable levels by time:
     D:1: 1399 daAuts
     D:2: 705 daAuts
     D:4: 670 daAuts
     D:3: 351 daAuts
     D:5: 252 daAuts
